 Dungeon Sprint DCSS version 0.29-a0-664-gff9cad4a3d (webtiles) character file.

Game seed: 4125600727546783481

2433 wilfster70 the Cruncher (level 9, -12/78 HPs)
             Began as a Formicid Fighter on June 23, 2022.
             Was an Initiate of Gozag.
             Shot with an arrow by a centaur warrior (25 damage)
             ... in the Dungeon (Sprint IX: "|||||||||||||||||||||||||||||").
             The game lasted 00:02:45 (550 turns).

wilfster70 the Cruncher (Formicid Fighter)           Turns: 550, Time: 00:02:46

Health: -12/78     AC: 12    Str: 21    XL:     9   Next: 77%
Magic:  9/9        EV: 13    Int: 18    God:    Gozag
Gold:   477        SH:  7    Dex: 13    Spells: 8/8 levels left

rFire   . . .      SeeInvis +   a - +4 quarterstaff (speed)
rCold   . . .      Faith    .   c - +0 buckler
rNeg    . . .      Spirit   .   l - +1 scale mail
rPois   .          Reflect  .   (helmet unavailable)
rElec   .          Harm     .   (no cloak)
rCorr   .          Rampage  .   k - +0 pair of gloves
Will    .....                   j - +0 pair of boots
Stlth   ..........              (no amulet)
HPRegen 0.23/turn               m - +3 ring of intelligence
MPRegen 0.11/turn               n - +3 ring of intelligence

@: gold aura, invisible
A: permanent stasis, dig shafts and tunnels, antennae 3, four strong arms
a: Dig, Renounce Religion, Potion Petition, Call Merchant, Bribe Branch


You were in the Dungeon.
You worshipped Gozag.
Gozag was aware of your devotion.
You visited 1 branch You collected 477 gold pieces.

Inventory:

Hand Weapons
 a - a +4 quarterstaff of speed (weapon)
Armour
 b - a +0 scale mail
 c - a +0 buckler (worn)
 j - a +0 pair of boots (worn)
 k - a +0 pair of gloves (worn)
 l - a +1 scale mail (worn)
Jewellery
 m - a +3 ring of intelligence (left hand)
 n - a +3 ring of intelligence (right hand)
Wands
 i - a wand of light (10)
Scrolls
 h - 2 scrolls of amnesia
Potions
 e - 2 potions of curing
 g - 4 potions of magic


   Skills:
 + Level 10.1 Fighting
 * Level 12.6 Staves
 + Level 10.4 Armour
 + Level 7.8 Dodging
 + Level 12.0 Shields


You had 8 spell levels left.
You didn't know any spells.
Your spell library was empty.

Dungeon Overview and Level Annotations

Branches:
Dungeon (1/1)

Altars:
Cheibriados
Dithmenos
Elyvilon
Fedhas
Gozag
Hepliaklqana
Kikubaaqudgha
Makhleb
Nemelex Xobeh
Okawaru
Qazlal
Ru
Sif Muna
Trog
Uskayaw
Vehumet
Wu Jian
Xom
Yredelemnul
Zin
The Shining One
Beogh
Jiyva
Lugonu


Innate Abilities, Weirdness & Mutations

You cannot be hasted, slowed, berserked, paralysed or teleported.
You can dig through walls and to a lower floor.
You have a pair of large antennae on your head. (SInv)
Your four strong arms can wield two-handed weapons with a shield.


Message History

You bludgeon the cyan ugly thing!!
The cyan ugly thing is almost dead.
The helpless cyan ugly thing fails to defend itself.
You bludgeon the cyan ugly thing!!
The cyan ugly thing is almost dead.
The helpless cyan ugly thing fails to defend itself.
You sock the cyan ugly thing!
You kill the cyan ugly thing!
Your Staves skill increases to level 12!
Your Armour skill increases to level 10!
You hit the basilisk.
The basilisk is heavily wounded.
You closely miss the basilisk.
The basilisk is heavily wounded.
The basilisk gazes at you. You resist with some effort.
The centaur warrior wields a +0 shortbow.
The centaur warrior shoots an arrow.
The arrow hits the two-headed ogre!!
You thump the basilisk!
The basilisk is almost dead.
You sock the basilisk!
You kill the basilisk!
The centaur warrior shoots an arrow.
The arrow closely misses the two-headed ogre.
The arrow barely misses you.
You hit the two-headed ogre but do no damage.
The two-headed ogre is moderately wounded.
The centaur warrior shoots an arrow.
The arrow hits the two-headed ogre!
You sock the two-headed ogre!
The two-headed ogre is severely wounded.
You block the two-headed ogre's attack. The two-headed ogre closely misses you.
You hit the two-headed ogre.
The two-headed ogre is almost dead.
The centaur warrior shoots an arrow.
The arrow hits the two-headed ogre!
The two-headed ogre dies!
Your Fighting skill increases to level 10!
Your Shields skill increases to level 12!
The centaur warrior shoots an arrow.
The arrow hits you!!
You die...
Your body crumbles into a pile of gold.

▓+▓
▓.▓
▓.▓
▓c▓
▓.▓
▓.▓
▓@▓
▓$▓
$
▓.▓
$
▓.▓
$ $
▓.▓
$
▓.▓
$ $
▓.▓
▓)▓
$
▓)▓


You could see a centaur warrior (can't see you).

Vanquished Creatures
  A centaur warrior (D)
  An ugly thing (D)
  An unseen horror (D)
  A hornet (D)
  A slime creature (D)
  A yak (D)
  A wyvern (D)
  A basilisk (D)
  An orc warrior (D)
  An ogre (D)
  2 hounds (D)
  An orc wizard (D)
  A shadow imp (D)
  An orc (D)
  3 bats (D)
  A jackal (D)
  A quokka (D)
20 creatures vanquished.

Vanquished Creatures (others)
  A two-headed ogre (D)
1 creature vanquished.

Grand Total: 21 creatures vanquished

Notes
Turn   | Place    | Note
-------+----------+-------------------------------------------
     0 | D        | wilfster70 the Formicid Fighter began the quest for the
                  | Orb.
     0 | D        | Reached XP level 1. HP: 18/18 MP: 1/1
    30 | D        | Noticed an ogre
    30 | D        | Noticed a hound
    30 | D        | Noticed a hound
    34 | D        | Reached skill level 1 in Dodging
    34 | D        | Reached XP level 2. HP: 7/25 MP: 2/2
    37 | D        | Reached skill level 5 in Shields
    37 | D        | Reached XP level 3. HP: 31/31 MP: 3/3
    44 | D        | Reached skill level 5 in Staves
    44 | D        | Reached XP level 4. HP: 33/38 MP: 4/4
    47 | D        | Killed an ogre
    48 | D        | Reached skill level 5 in Fighting
    48 | D        | Reached skill level 5 in Armour
    48 | D        | Reached XP level 5. HP: 19/46 MP: 5/5
   230 | D        | Found a snail-covered altar of Cheibriados.
   230 | D        | Found a shadowy altar of Dithmenos.
   230 | D        | Found a white marble altar of Elyvilon.
   230 | D        | Found a blossoming altar of Fedhas.
   230 | D        | Found an opulent altar of Gozag.
   231 | D        | Found a hazy altar of Hepliaklqana.
   232 | D        | Found a viscous altar of Jiyva.
   233 | D        | Found an ancient bone altar of Kikubaaqudgha.
   234 | D        | Found a corrupted altar of Lugonu.
   235 | D        | Found a burning altar of Makhleb.
   236 | D        | Found a sparkling altar of Nemelex Xobeh.
   237 | D        | Found an iron altar of Okawaru.
   238 | D        | Became a worshipper of Gozag Ym Sagoz the Greedy
   239 | D        | Found a stormy altar of Qazlal.
   240 | D        | Found a sacrificial altar of Ru.
   241 | D        | Found a shimmering blue altar of Sif Muna.
   242 | D        | Found a bloodstained altar of Trog.
   243 | D        | Found a hide-covered altar of Uskayaw.
   244 | D        | Found a radiant altar of Vehumet.
   245 | D        | Found an ornate altar of the Wu Jian Council.
   246 | D        | Found a shimmering altar of Xom.
   247 | D        | Found a basalt altar of Yredelemnul.
   248 | D        | Found a glowing silver altar of Zin.
   249 | D        | Found a glowing golden altar of the Shining One.
   305 | D        | Noticed a wyvern
   305 | D        | Noticed a yak
   305 | D        | Noticed a hornet
   305 | D        | Noticed an orc warrior
   305 | D        | Noticed an unseen horror
   316 | D        | Killed an unseen horror
   317 | D        | Reached skill level 5 in Dodging
   317 | D        | Reached XP level 6. HP: 37/55 MP: 6/6
   317 | D        | Reached XP level 7. HP: 40/60 MP: 7/7
   346 | D        | Killed a hornet
   347 | D        | Reached XP level 8. HP: 47/68 MP: 8/8
   355 | D        | Killed a yak
   356 | D        | Reached skill level 10 in Staves
   360 | D        | Killed a wyvern
   361 | D        | Reached skill level 10 in Shields
   500 | D        | Noticed a centaur warrior
   500 | D        | Noticed a two-headed ogre
   500 | D        | Noticed a basilisk
   500 | D        | Noticed a cyan ugly thing
   500 | D        | Noticed a centaur warrior
   500 | D        | Noticed a slime creature
   508 | D        | Killed a slime creature
   518 | D        | Killed a centaur warrior
   519 | D        | Reached XP level 9. HP: 34/77 MP: 9/9
   542 | D        | Killed a cyan ugly thing
   543 | D        | Reached skill level 10 in Armour
   549 | D        | Killed a two-headed ogre
   550 | D        | Reached skill level 10 in Fighting
   550 | D        | Shot with an arrow by a centaur warrior

Illustrated notes

Levels and vault maps discovered:
D:        linesprint [early_d, line_temple, items_1, d_10, items_2, lair_1,
          lair_end, items_3, orc_1, orc_end, items_4, d_15, swamp_1, shoals_1,
          snake_1, spider_1, d_20, vaults_1, items_5, swamp_end, shoals_end,
          snake_end, spider_end, vaults_end, d_27, items_6, zot_1, zot_end,
          crypt_end, forest_end, elf_end, slime_end, tomb_end, abyss_end,
          pan_hell_end]

Skill      XL: |  1  2  3  4  5  6  7  8  9 |
---------------+----------------------------+-----
Staves         | 3 4 5 6 8 9 11 12 | 12.6
Dodging        | 1 2 3 5 7 |  7.8
Fighting       | 4 5 7 8 9 10 | 10.1
Armour         | 4 5 7 8 9 10 | 10.4
Shields        | 5 6 8 9 11 12 | 12.0

Action                   |  1- 3 |  4- 6 |  7- 9 || total
-------------------------+-------+-------+-------++-------
Melee: Quarterstaff      |    31 |    14 |    76 ||   121
  Use: Potion            |     2 |       |     6 ||     8
 Stab: Distracted        |       |       |     1 ||     1
       Invisible         |       |       |     2 ||     2
       Petrified         |       |       |    10 ||    10
Armor: Scale mail        |    16 |     3 |    21 ||    40
Dodge: Dodged            |    16 |     3 |    15 ||    34
Block: Buckler           |     9 |       |     7 ||    16

Table legend: (Time is in decaauts)
 A = Elapsed time spent in this place.
 B = Non-inter-level travel time spent in this place.
 C = Inter-level travel time spent in this place.
 D = Time resting spent in this place.
 E = Time spent auto-exploring this place.
 F = Levels seen in this place.
 G = Mean time per level.
                   A        B        C        D        E       F      G
               +--------+--------+--------+--------+--------+-----+--------+
         Total |    516 |    516 |      0 |    297 |      0 |   1 |  516.0 |
       Dungeon |    516 |    516 |      0 |    297 |      0 |   1 |  516.0 |
               +--------+--------+--------+--------+--------+-----+--------+

Top non-repeatable levels by time:
       D: 516 daAuts
